 Dungeon Crawl Stone Soup version 0.24-a0-582-g4d4af813a0 (webtiles) character file.

Game seed: 7366691228961392339

123 Ijustatesigmund the Shield-Bearer (level 5, -4/47 HPs)
             Began as a Gnoll Fighter on Aug 26, 2019.
             Killed by divine providence
             ... invoked by an orc priest
              (14 damage)
             ... on level 3 of the Dungeon.
             The game lasted 00:02:53 (1366 turns).

Ijustatesigmund the Shield-Bearer (Gnoll Fighter)   Turns: 1366, Time: 00:02:57

Health: -4/47      AC:  8    Str: 20    XL:     5   Next: 7%
Magic:  6/6        EV:  9    Int: 10    God:
Gold:   76         SH: 11    Dex: 16    Spells: 6/6 levels left

rFire    . . .     SeeInvis .   a - +0 flail
rCold    . . .     Gourm    .   c - +0 shield
rNeg     . . .     Faith    .   b - +0 scale mail
rPois    .         Spirit   .   o - +1 hat
rElec    .         Reflect  .   (no cloak)
rCorr    .         Harm     .   (no gloves)
MR       .....                  (no boots)
Stlth    +.........             (no amulet)
HPRegen  0.15/turn              (no ring)
MPRegen  0.10/turn              (no ring)

@: no status effects
A: distributed training, claws 1, fangs 1, deterioration 1, strong 1, strong
nose
a: no special abilities


You were on level 3 of the Dungeon.
You were hungry.

You visited 1 branch of the dungeon, and saw 3 of its levels.

You collected 76 gold pieces.

Inventory:

Hand Weapons
 a - a +0 flail (weapon)
Armour
 b - a +0 scale mail (worn)
 c - a +0 shield (worn)
 o - a +1 hat (worn)
Jewellery
 q - an uncursed ring of fire
Scrolls
 g - a scroll of teleportation
 h - 2 scrolls of remove curse {unknown}
 i - 2 scrolls of amnesia {unknown}
 j - a scroll of magic mapping {unknown}
 k - a scroll of fog {unknown}
 n - 4 scrolls of identify {unknown}
 p - a scroll of enchant weapon {unknown}
Potions
 d - a potion of might
 r - a potion of berserk rage {unknown}
 s - a potion of invisibility {unknown}
Comestibles
 f - 3 rations


   Skills:
 + Level 6.6 Fighting
 + Level 1.3 Short Blades
 + Level 1.3 Long Blades
 + Level 1.3 Axes
 + Level 4.7 Maces & Flails
 + Level 1.3 Polearms
 + Level 1.3 Staves
 + Level 1.3 Slings
 + Level 1.3 Bows
 + Level 1.3 Crossbows
 + Level 1.3 Throwing
 + Level 6.6 Armour
 + Level 1.3 Dodging
 + Level 1.3 Stealth
 + Level 6.6 Shields
 + Level 1.3 Unarmed Combat
 + Level 1.3 Spellcasting
 + Level 1.0 Conjurations
 + Level 1.0 Hexes
 + Level 1.0 Charms
 + Level 1.0 Summonings
 + Level 1.0 Necromancy
 + Level 1.0 Translocations
 + Level 1.0 Transmutations
 + Level 1.0 Fire Magic
 + Level 1.0 Ice Magic
 + Level 1.0 Air Magic
 + Level 1.0 Earth Magic
 + Level 1.0 Poison Magic
 + Level 1.4 Invocations
 + Level 1.3 Evocations


You had 6 spell levels left.
You didn't know any spells.
Your spell library was empty.

Dungeon Overview and Level Annotations

Branches:
Dungeon (3/15)

Altars:
Fedhas
Kikubaaqudgha
Uskayaw


Innate Abilities, Weirdness & Mutations

Your experience applies equally to all skills.
You have very sharp teeth.
Your uncanny sense of smell can sniff out nearby items.
You have sharp fingernails.
Your body sometimes deteriorates upon taking damage.
Your muscles are strong. (Str +2)


Message History

Beogh smites you!
* * * LOW HITPOINT WARNING * * *
You block the orc's attack.
It was a potion of cancellation.
Your magical effects are unravelling.
You feel magically purged.
You feel less wooden.
Your +1 hat unmelds from your body.
Your +0 scale mail unmelds from your body.
The bat barely misses you. The bat hits you but does no damage.
The ooze hits you.
* * * LOW HITPOINT WARNING * * *
The orc priest closely misses you.
It was a potion of mutation.
You feel extremely strange.
You feel yourself wasting away.
Your fingernails lengthen.
You feel stronger. The bat barely misses you. You block the orc's attack.
The ooze barely misses you.
The orc priest calls down the wrath of Beogh upon you.
Beogh smites you!
You die...

..... ........#
..... .......#
...... .......##
...... .........
......##......#
..............##
#.....ob.......#
#..o@b......#
##.J..##.....
∆.....##...# ...
#...## ###......
..#.## .......
...... .......
##...# .......
.#.....##.......
........#.......


You could see an orc priest, an ooze, an orc and 2 bats.

Vanquished Creatures
  A hound (D:2)
  An orc priest (D:3)
  2 adders (D:2)
  An ooze (D:1)
  A dart slug (D:1)
  5 bats
  6 hobgoblins
  2 jackals (D:1)
  A quokka (D:2)
  4 frilled lizards
  9 goblins
  4 kobolds
  5 rats
42 creatures vanquished.

Notes
Turn   | Place    | Note
-------+----------+-------------------------------------------
     0 | D:1      | Ijustatesigmund the Gnoll Fighter began the quest for the
                  | Orb.
     0 | D:1      | Reached XP level 1. HP: 23/23 MP: 1/1
   228 | D:1      | Reached XP level 2. HP: 28/29 MP: 2/2
   303 | D:1      | Reached XP level 3. HP: 34/35 MP: 3/3
   775 | D:2      | Reached skill level 1 in Short Blades
   775 | D:2      | Reached skill level 1 in Long Blades
   775 | D:2      | Reached skill level 1 in Axes
   775 | D:2      | Reached skill level 1 in Polearms
   775 | D:2      | Reached skill level 1 in Staves
   775 | D:2      | Reached skill level 1 in Slings
   775 | D:2      | Reached skill level 1 in Bows
   775 | D:2      | Reached skill level 1 in Crossbows
   775 | D:2      | Reached skill level 1 in Throwing
   775 | D:2      | Reached skill level 1 in Dodging
   775 | D:2      | Reached skill level 1 in Stealth
   775 | D:2      | Reached skill level 1 in Unarmed Combat
   775 | D:2      | Reached skill level 1 in Spellcasting
   775 | D:2      | Reached skill level 1 in Invocations
   775 | D:2      | Reached skill level 1 in Evocations
   775 | D:2      | Reached XP level 4. HP: 41/41 MP: 3/5
   877 | D:2      | Found a blossoming altar of Fedhas.
  1079 | D:2      | Reached skill level 1 in Conjurations
  1079 | D:2      | Reached skill level 1 in Hexes
  1079 | D:2      | Reached skill level 1 in Charms
  1079 | D:2      | Reached skill level 1 in Summonings
  1079 | D:2      | Reached skill level 1 in Necromancy
  1079 | D:2      | Reached skill level 1 in Translocations
  1079 | D:2      | Reached skill level 1 in Transmutations
  1079 | D:2      | Reached skill level 1 in Fire Magic
  1079 | D:2      | Reached skill level 1 in Ice Magic
  1079 | D:2      | Reached skill level 1 in Air Magic
  1079 | D:2      | Reached skill level 1 in Earth Magic
  1079 | D:2      | Reached skill level 1 in Poison Magic
  1146 | D:2      | Found an ancient bone altar of Kikubaaqudgha.
  1197 | D:2      | Found a hide-covered altar of Uskayaw.
  1363 | D:3      | Reached XP level 5. HP: 28/47 MP: 6/6
  1366 | D:3      | Gained mutation: Your body sometimes deteriorates upon
                  | taking damage. [potion of mutation]
  1366 | D:3      | Gained mutation: You have sharp fingernails. [potion of
                  | mutation]
  1366 | D:3      | Gained mutation: Your muscles are strong. (Str +2) [potion
                  | of mutation]
  1366 | D:3      | Killed from afar by an orc priest

Levels and vault maps discovered:
D:1:      saegor_arrival_simple_e, layout_basic, minivault_26, minivault_27,
          hangedman_decor_riveting, hangedman_abyss_or_decor_stabs
D:2:      layout_rooms, marbit_many_paths, lemuel_coloured_pillars_altar,
          overflow_temple_1_default, serial_bayou, serial_bayou_lagoon_a,
          serial_bayou_pond_d, serial_bayou_pond_d, serial_bayou_pond_b
D:3:      layout_rooms, old_standard_altar, grunt_gozag_breadcrumbs

Skill      XL: |  1  2  3  4 |
---------------+-------------+-----
Short Blades   | 1 |  1.3
Long Blades    | 1 |  1.3
Axes           | 1 |  1.3
Polearms       | 1 |  1.3
Staves         | 1 |  1.3
Slings         | 1 |  1.3
Bows           | 1 |  1.3
Crossbows      | 1 |  1.3
Throwing       | 1 |  1.3
Dodging        | 1 |  1.3
Stealth        | 1 |  1.3
Unarmed Combat | 1 |  1.3
Spellcasting   | 1 |  1.3
Invocations    | 1 |  1.4
Evocations     | 1 |  1.3
Conjurations   | 1 |  1.0
Hexes          | 1 |  1.0
Charms         | 1 |  1.0
Summonings     | 1 |  1.0
Necromancy     | 1 |  1.0
Translocations | 1 |  1.0
Transmutations | 1 |  1.0
Fire Magic     | 1 |  1.0
Ice Magic      | 1 |  1.0
Air Magic      | 1 |  1.0
Earth Magic    | 1 |  1.0
Poison Magic   | 1 |  1.0
Fighting       | |  6.6
Maces & Flails | |  4.7
Armour         | |  6.6
Shields        | |  6.6

Action                   |  1- 3 |  4- 6 || total
-------------------------+-------+-------++-------
Melee: Flail             |    77 |    54 ||   131
       Bite              |     5 |     5 ||    10
  Use: Potion            |       |     3 ||     3
       Scroll            |       |     1 ||     1
  Eat: Chunk             |       |     1 ||     1
Armor: Scale mail        |    25 |    32 ||    57
       Skin              |       |    18 ||    18
Dodge: Dodged            |    28 |    18 ||    46
Block: Shield            |    54 |    58 ||   112

Table legend:
 A = Non-vault XP
 B = Vault XP
 C = Vault XP percentage of total XP
 D = Non-vault monster count
 E = Vault monster count
 F = Vault count percentage of total count
                 A         B        C        D         E       F
            +---------+---------+-------+---------+---------+-------
      Total |     162 |      14 |   8.0 |      40 |       2 |   4.8
            +---------+---------+-------+---------+---------+-------
        D:1 |      47 |       0 |   0.0 |      24 |       0 |   0.0
        D:2 |      73 |      14 |  16.1 |      14 |       2 |  12.5
        D:3 |      42 |       0 |   0.0 |       2 |       0 |   0.0
            +---------+---------+-------+---------+---------+-------
